 Dungeon Crawl Stone Soup version 0.27-a0-1434-g6f15984924 (webtiles) character file.

Game seed: 7982461404599806958

91 Aneyh the Caller (level 4, -2/31 HPs)
             Began as a Human Summoner on July 3, 2021.
             Slain by an orc (4 damage)
             ... on level 4 of the Dungeon.
             The game lasted 00:07:37 (2850 turns).

Aneyh the Caller (Human Summoner)                   Turns: 2850, Time: 00:07:38

Health: -2/31      AC:  7    Str:  9    XL:     4   Next: 87%
Magic:  3/7        EV: 12    Int: 15    God:
Gold:   33         SH:  0    Dex: 14    Spells: 4/8 levels left

rFire    + . .     SeeInvis .   k - +0 spear
rCold    . . .     Faith    .   (no shield)
rNeg     . . .     Spirit   .   l - +2 leather armour {rF+}
rPois    .         Reflect  .   (no helmet)
rElec    .         Harm     .   (no cloak)
rCorr    .         Rampage  .   n - +0 pair of gloves
Will     .....                  o - +0 pair of boots
Stlth    ++........             (no amulet)
HPRegen  0.10/turn              (no ring)
MPRegen  0.10/turn              (no ring)

@: no status effects
A: no striking features
a: no special abilities


You were on level 4 of the Dungeon.
You visited 1 branch of the dungeon, and saw 4 of its levels.

You collected 33 gold pieces.

Inventory:

Hand Weapons
 b - a +0 club
 k - a +0 spear (weapon)
Armour
 a - a +0 robe
 i - a +0 pair of gloves
 l - a +2 leather armour of fire resistance (worn)
 n - a +0 pair of gloves (worn)
 o - a +0 pair of boots (worn)
Scrolls
 c - 2 scrolls of teleportation {unknown}
 d - 2 scrolls of amnesia {unknown}
 e - a scroll of blinking {unknown}
 f - 3 scrolls of magic mapping {unknown}
 g - a scroll of immolation {unknown}
 h - a scroll of enchant armour {unknown}
 j - a scroll of torment {unknown}
Potions
 m - a potion of flight {unknown}


   Skills:
 + Level 0.9 Fighting
 + Level 0.4 Maces & Flails
 + Level 0.8 Polearms
 + Level 0.9 Armour
 + Level 2.3 Dodging
 + Level 2.2 Stealth
 + Level 2.6 Spellcasting
 + Level 0.1 Hexes
 + Level 4.6 Summonings


You had 4 spell levels left.
You knew the following spells:

 Your Spells              Type           Power      Damage    Failure   Level
a - Summon Small Mammal   Summ           60%        N/A       4%          1
b - Summon Guardian Gole  Hex/Summ       9%         N/A       32%         3

Your spell library contained the following spells:

 Spells                   Type           Power      Damage    Failure   Level
 Call Imp                 Summ           15%        N/A       6%          2
 Call Canine Familiar     Summ           15%        N/A       13%         3
 Summon Lightning Spire   Summ/Air       8%         N/A       73%         4


Dungeon Overview and Level Annotations

Branches:
Dungeon (5/15)
 Temple: D:4-7

Altars:

Shops:
D:4 :

Annotations:
D:4 Grinder


Message History

Something barely misses you.
You barely miss the orc.
The orc is severely wounded.
The orc closely misses you.
You hear some strange, mumbled words.
A puff of flame appears from out of thin air!
The puff of flame hits you. You resist. Something hits you but does no damage.
You hit the orc but do no damage.
The orc is severely wounded.
You hear some strange, mumbled words.
A puff of flame appears from out of thin air!
The puff of flame hits you. You resist. The orc hits you with a +0 short sword.
Something hits you but does no damage.
You hit the orc but do no damage.
The orc is severely wounded.
The orc hits you with a +0 short sword. Something hits you. x2
You hit the orc but do no damage.
The orc is severely wounded.
The orc hits you with a +0 short sword.
You hear some strange, mumbled words.
A magic dart appears from out of thin air!
The magic dart hits you.
* * * LOW HITPOINT WARNING * * *
Something hits you.
* * * LOW HITPOINT WARNING * * *
The orc hits you but does no damage.
You hear some strange, mumbled words.
A magic dart appears from out of thin air!
The magic dart hits you.
* * * LOW HITPOINT WARNING * * *
You hit the orc but do no damage.
The orc is severely wounded.
Something hits you.
* * * LOW HITPOINT WARNING * * *
The orc barely misses you. Something hits you.
* * * LOW HITPOINT WARNING * * *
You hit the orc.
The orc is almost dead.
Something hits you but does no damage. The orc hits you with a +0 short sword.
You die...

#.h...#.###.##
#######..
###>h...# #.#
. ####### #.#
#.# ..#######
####8#...#
#o.......#
#o{.∩.<..##
#@{).......
####8......
.......
.......
.......
.......
.....## ....##


You could see 2 orcs.

Vanquished Creatures
  An orc (D:5)
  2 bats (D:1)
  A giant cockroach (D:1)
  A goblin (D:1)
  2 hobgoblins
  4 jackals
  5 kobolds
  A ball python (D:1)
  2 rats
19 creatures vanquished.

Vanquished Creatures (collateral kills)
  A necrophage (D:5)
  An adder (D:2)
  A dart slug (D:1)
  A bat (D:1)
  2 endoplasms (D:1)
  A giant cockroach (D:1)
  2 goblins (D:1)
  A hobgoblin (D:1)
  A jackal (D:2)
  4 kobolds (D:1)
  A quokka (D:1)
  2 ball pythons
  A frilled lizard (D:1)
  3 rats (D:1)
22 creatures vanquished.

Grand Total: 41 creatures vanquished

Notes
Turn   | Place    | Note
-------+----------+-------------------------------------------
     0 | D:1      | Aneyh the Human Summoner began the quest for the Orb.
     0 | D:1      | Reached XP level 1. HP: 13/13 MP: 3/3
   310 | D:1      | Reached XP level 2. HP: 13/19 MP: 1/5
  1437 | D:1      | Reached XP level 3. HP: 24/24 MP: 2/6
  1540 | D:1      | Learned a level 3 spell: Summon Guardian Golem
  2018 | D:1      | Noticed a nameless horror
  2347 | D:2      | Found a faded altar of an unknown god.
  2456 | D:2      | You fall into a shaft and drop 2 floors!
  2457 | D:4      | Noticed Grinder
  2532 | D:5      | Entered Level 5 of the Dungeon
  2634 | D:5      | Noticed a necrophage
  2750 | D:5      | Killed a necrophage
  2751 | D:5      | Reached XP level 4. HP: 31/31 MP: 1/7
  2814 | D:4      | Found Zowed's Book Emporium.
  2850 | D:4      | Slain by an orc

Illustrated notes

Levels and vault maps discovered:
D:1:      dpeg_arrival_water_altar, layout_loops_ring, minmay_bisected
D:2:      layout_rooms, shapermc_ecumenical_altar_flowoftime
D:4:      layout_loops_cross, serial_shops, nicolae_shop_behind_doors,
          nicolae_shop_window_shopping, nicolae_stop_n_shop_2, shop,
          nicolae_stop_n_shop_1, minmay_goblin_outpost, uniq_ijyb, uniq_grinder,
          uniq_menkaure
D:5:      layout_basic, grunt_tough_drop

Action                   |  1- 3 |  4- 6 || total
-------------------------+-------+-------++-------
Melee: Unarmed           |     9 |       ||     9
       Club              |    74 |       ||    74
       Spear             |    66 |    23 ||    89
 Cast: Summon Small Mamm |    59 |     4 ||    63
       Summon Guardian G |     1 |     1 ||     2
 Stab: Sleeping          |     2 |       ||     2
Armor: Robe              |    15 |       ||    15
       Leather armour    |    33 |    13 ||    46
Dodge: Dodged            |   128 |     9 ||   137

Table legend: (Time is in decaauts)
 A = Elapsed time spent in this place.
 B = Non-inter-level travel time spent in this place.
 C = Inter-level travel time spent in this place.
 D = Time resting spent in this place.
 E = Time spent auto-exploring this place.
 F = Levels seen in this place.
 G = Mean time per level.
                   A        B        C        D        E       F      G
               +--------+--------+--------+--------+--------+-----+--------+
         Total |   2879 |   2879 |      0 |   1696 |    536 |   4 |  719.8 |
       Dungeon |   2879 |   2879 |      0 |   1696 |    536 |   4 |  719.8 |
               +--------+--------+--------+--------+--------+-----+--------+

Top non-repeatable levels by time:
     D:1: 2048 daAuts
     D:2: 432 daAuts
     D:5: 282 daAuts
     D:4: 115 daAuts
